AoeStats
← audi

Arabia

510155618Analyzed
3v3 RM · 2d ago on Sep 29, 2026· 34m 1s· 6 players
Game mode
Random Map
Map size
Normal (6 player)
Population
200
Speed
Normal
Resources
Standard
Victory
Conquest
Starting age
Dark Age
Ending age
Imperial Age
RankedLock teamsTeams togetherTeam positionsShared explorationLock speedFull tech treeHidden civsTurbo modeCheats
Victory
Defeat
🇹🇷 Ethiopians · Türkiye
1139
+16
🇹🇷 Danes · Türkiye
1126
+17
🇹🇷 Celts · Türkiye
1101
+18
🇨🇱 Vietnamese · Chile
1189
-20
🇨🇱 Mongols · Chile
1148
-17
🇨🇱 Berbers · Chile
1080
-14
Janissaryyy
0:47 Loom
14:47 Feudal Age
18:41 Fletching
23:26 Castle Age
21:57 Padded Archer Armor
22:04 Double-Bit Axe
23:40 Wheelbarrow
22:50 Town Watch
23:31 Crossbowman
24:36 Thumb Ring
24:56 Bodkin Arrow
27:32 Hand Cart
27:02 Town Watch
32:56 Leather Archer Armor
34:11 Ballistics
audi
9:53 Feudal Age
9:40 Loom
10:42 Double-Bit Axe
12:03 Wheelbarrow
13:20 Forging
12:59 Horse Collar
16:11 Scale Barding Armor
22:39 Castle Age
22:46 Light Cavalry
23:58 Husbandry
27:34 Fletching
28:35 Town Watch
Timber
11:07 Feudal Age
16:10 Castle Age
15:00 Scale Mail Armor
15:18 Horse Collar
15:27 Double-Bit Axe
17:12 Bow Saw
17:11 Stone Mining
17:25 Gambesons
19:04 Gold Mining
21:44 Heavy Plow
23:34 Arson
25:05 Squires
26:04 Forging
27:19 Chain Mail Armor
27:33 Loom
28:39 Iron Casting
27:37 Hamask
29:51 Gold Shaft Mining
29:14 Fletching
32:31 Wheelbarrow
32:48 Bodkin Arrow
34:00 Hand Cart
33:31 Town Watch
veranodel92
0:41 Loom
11:47 Feudal Age
12:16 Double-Bit Axe
12:13 Horse Collar
22:31 Castle Age
21:12 Fletching
21:22 Padded Archer Armor
22:54 Bloodlines
Meowl
4:37 Loom
10:20 Feudal Age
11:06 Double-Bit Axe
12:10 Horse Collar
14:53 Gold Mining
17:16 Man-at-Arms
19:16 Arson
25:45 Castle Age
26:14 Long Swordsman
33:15 Heavy Plow
34:29 Gold Shaft Mining
Sebanstein
8:44 Feudal Age
9:34 Loom
12:23 Horse Collar
20:07 Castle Age
19:49 Town Watch
21:50 Gold Mining
22:44 Double-Bit Axe
25:03 Fletching
27:05 Wheelbarrow
29:50 Ballistics
30:49 Murder Holes
32:37 Hand Cart
32:34 Bodkin Arrow
Connection lost

Rejoining the realm…

Still unreachable

The connection could not be restored.

Session expired

The server has moved on; the page needs a fresh start.